 Dungeon Crawl Stone Soup version 0.15-a0-1269-g8ca96ae (webtiles) character file.

91 Quh the Shooter (level 4, -4/28 HPs)
             Began as a High Elf Hunter on June 5, 2014.
             Slain by an orc warrior
             ... wielding a cursed -3,-3 short sword
              (15 damage)
             ... on Level 3 of the Dungeon.
             The game lasted 00:09:10 (2741 turns).

Quh the Shooter (High Elf Hunter)                   Turns: 2741, Time: 00:09:10

HP  -4/28        AC  5     Str 11      XL: 4   Next: 33%
MP   7/7         EV 11     Int 16      God:
Gold 71          SH  0     Dex 15      Spells:  0 memorised,  3 levels left

rFire  . . .     SeeInvis .     b - +1 shortbow
rCold  . . .     Clarity  .     u - +1 leather armour
rNeg   . . .     rCorr    .     (no shield)
rPois  .         rRot     .     (no helmet)
rElec  .         Spirit   .     (no cloak)
SustAb .         Warding  .     (no gloves)
rMut   .         Stasis   .     e - +0 pair of boots
Gourm  .                        (no amulet)
MR     .....                    (no ring)
                                (no ring)

@: not resistant to hostile enchantments, unstealthy
A: no striking features
a: no special abilities


You were on level 3 of the Dungeon.
You were not hungry.

You visited 1 branch of the dungeon, and saw 3 of its levels.

You collected 71 gold pieces.

Inventory:

Hand weapons
 a - a +0,+0 dagger of venom
 b - a +1,+1 shortbow (weapon)
 k - a +0,+0 short sword
 v - a +0,+0 short sword
Missiles
 c - 10 arrows (quivered)
 g - 15 stones
 r - 4 tomahawks
Armour
 d - a +0 leather armour
 e - a +0 pair of boots (worn)
 h - a +0 leather armour
 i - a +0 leather armour
 u - a +1 leather armour (worn)
Comestibles
 f - 2 bread rations
 w - 2 meat rations
Scrolls
 j - a scroll of teleportation {unknown}
 l - 2 scrolls of random uselessness {unknown}
 o - a scroll of identify {unknown}
 q - 3 scrolls of remove curse
 s - a scroll of blinking {unknown}
 t - a scroll of enchant armour {unknown}
 y - 2 scrolls of fear {unknown}
Jewellery
 n - an uncursed ring of poison resistance {unknown}
Potions
 m - 2 potions of curing {unknown}
 p - a potion of flight {unknown}
 x - a potion of brilliance {unknown}


   Skills:
 - Level 1.0 Fighting
 * Level 7.7 Bows
 - Level 2.1 Dodging
 - Level 1.1 Stealth


You had 3 spell levels left.
You didn't know any spells.

Dungeon Overview and Level Annotations

Branches:
Dungeon (3/15)

Altars:


Message History

Firing (i - inventory. (,) - cycle):
c - 13 arrows (quivered)
Press: ? - help, Shift-Dir - straight line, f/p - orc warrior
Aim: an orc warrior, wielding a glowing short sword and wearing a plate armour (almost dead)
You shoot an arrow.
The arrow hits the orc warrior but does no damage.
The orc warrior is almost dead.
The orc warrior misses you.
Firing (i - inventory. (,) - cycle):
c - 12 arrows (quivered)
Press: ? - help, Shift-Dir - straight line, f/p - orc warrior
Aim: an orc warrior, wielding a glowing short sword and wearing a plate armour (almost dead)
You shoot an arrow.
The arrow closely misses the orc warrior.
Firing (i - inventory. (,) - cycle):
c - 11 arrows (quivered)
Press: ? - help, Shift-Dir - straight line, f/p - orc warrior
Aim: an orc warrior, wielding a glowing short sword and wearing a plate armour (almost dead)
You shoot an arrow. The arrow hits the orc warrior.
The orc warrior is almost dead.
The orc warrior hits you with a glowing short sword!
Ouch! That really hurt!
You die...

..#. .. ##.. . # #
###+##..# .#.#..
#......(## #.)o...
..##+#.......%###...#
....................#
..........()(#..........
.........o[....#.#...#...
#######@#####+#.....# .
#......# ......#
###......# $......#
#.<......# .......#
#........# ........#
#...###### .... #...#
#...# #####


You could see an orc warrior.

Vanquished Creatures
  Jessica (D:2)
  An adder (D:2)
  A giant mite (D:3)
  2 giant geckos (D:2)
  2 oozes (D:2)
  2 orcs (D:3)
  6 bats
  5 goblins
  8 hobgoblins
  4 kobolds
  A quokka (D:2)
  A ball python (D:1)
  5 giant newts
  3 jackals
  7 rats
49 creatures vanquished.

Notes
Turn   | Place    | Note
--------------------------------------------------------------
     0 | D:1      | Quh, the High Elf Hunter, began the quest for the Orb.
     0 | D:1      | Reached XP level 1. HP: 13/13 MP: 2/2
   451 | D:1      | Reached XP level 2. HP: 18/18 MP: 3/3
   462 | D:1      | Reached skill level 6 in Bows
  1413 | D:2      | Reached XP level 3. HP: 21/23 MP: 5/5
  1912 | D:2      | Reached skill level 7 in Bows
  2050 | D:2      | Noticed Jessica
  2056 | D:2      | Killed Jessica
  2178 | D:2      | Reached XP level 4. HP: 26/28 MP: 7/7
  2709 | D:3      | Noticed an orc warrior
  2741 | D:3      | Slain by an orc warrior

Action                   |  1- 3 |  4- 6 || total
-------------------------+-------+-------++-------
Melee: Short sword       |    25 |       ||    25
       Dagger            |   102 |    35 ||   137
 Fire: Shortbow          |     1 |    22 ||    23
Throw: Stone             |     1 |       ||     1
  Use: Scroll            |     1 |       ||     1
 Stab: Sleeping          |     2 |       ||     2
